 Dungeon Crawl Stone Soup version 0.30-a0-782-ge64f9170bb (webtiles) character file.

Game seed: 10458001897883622637

33 Dirtsage the Chopper (level 3, -2/29 HPs)
             Began as a Demonspawn Fighter on Mar 2, 2023.
             Killed from afar by Sigmund (5 damage)
             ... with a magic dart
             ... on level 2 of the Dungeon.
             The game lasted 00:02:37 (1326 turns).

Dirtsage the Chopper (Demonspawn Fighter)           Turns: 1326, Time: 00:02:37

Health: -2/29      AC:  7    Str: 23    XL:     3   Next: 12%
Magic:  12/12      EV: 10    Int:  9    God:
Gold:   95         SH:  4    Dex: 12    Spells: 2/2 levels left

rFire   . . .      SeeInvis .    a - +0 war axe
rCold   . . .      Faith    .    c - +0 buckler
rNeg    . . .      Spirit   .    n - +1 ring mail "Yficvu" {+Blink MP+9 Str+5}
rPois   .          Reflect  .    g - +0 helmet
rElec   .          Harm     .    (no cloak)
rCorr   .          Rampage  .    (no gloves)
Will    .....                    (no boots)
Stlth   +                        (no amulet)
HPRegen 0.24/turn                (no ring)
MPRegen 0.13/turn                (no ring)

@: no status effects
A: icemail 1, condensation shield
a: Evoke Blink


You were on level 2 of the Dungeon.
You visited 1 branch of the dungeon, and saw 2 of its levels.

You collected 95 gold pieces.

Inventory:

Hand Weapons
 a - a +0 war axe (weapon)
Armour
 b - a +0 scale mail
 c - a +0 buckler (worn)
 g - a +0 helmet (worn)
 n - the +1 ring mail "Yficvu" (worn) {+Blink MP+9 Str+5}
   (You found it on level 2 of the Dungeon)

   Str:       It affects your strength (+5).
   MP:        It affects your magic capacity (+9).
   +Blink:    It lets you blink.
Scrolls
 i - a scroll of summoning {unknown}
 j - a scroll of fear {unknown}
 k - 3 scrolls of identify {unknown}
Potions
 d - a potion of might
 e - a potion of lignification {unknown}
 f - a potion of cancellation {unknown}
 h - a potion of berserk rage {unknown}


   Skills:
 - Level 3.0 Fighting
 + Level 3.3 Axes
 - Level 2.6 Armour
 - Level 2.6 Shields


You had 2 spell levels left.
You didn't know any spells.
Your spell library contained the following spells:

 Spells                   Type           Power      Damage    Failure   Level
 Ensorcelled Hibernation  Hex/Ice        0%         N/A       78%         2
 Passwall                 Tmut/Erth      0%         N/A       78%         2
 Portal Projectile        Hex/Tloc       0%         N/A       95%         3
 Swiftness                Air            0%         N/A       95%         3
 Tukima's Dance           Hex            0%         N/A       95%         3
 Blade Hands              Tmut           0%         N/A       100%        5


Dungeon Overview and Level Annotations

Branches:
Dungeon (2/15)

Altars:

Annotations:
D:2 Sigmund


Innate Abilities, Weirdness & Mutations

A meltable icy envelope protects you from harm. (AC +0)
A meltable shield of frost defends you. (SH +0)


Message History

* * * LOW HITPOINT WARNING * * *
You take 4 damage, and have 4/29 hp.
You hit Sigmund.
Sigmund is almost dead.
Sigmund points at you and mumbles some strange words.
You resist with significant effort.
You barely miss Sigmund.
Sigmund is almost dead.
Sigmund closely misses you.
You barely miss Sigmund.
Sigmund is almost dead.
Sigmund points at you and mumbles some strange words.
You are confused.
You barely miss Sigmund.
Sigmund is almost dead.
Sigmund gestures wildly while chanting.
Sigmund flickers and vanishes!
Deactivating autopickup; reactivate with Ctrl-A.
You are too confused!
Unknown command.
You feel much better. Something hits you.
You regained 18 hp, and now have 23/29 hp.
Something hits you but does no damage. Something hits you!
You take 6 damage, and have 17/29 hp.
MASSIVE DAMAGE!!
You feel less confused. Something hits you.
You take 6 damage, and have 11/29 hp.
MASSIVE DAMAGE!!
You barely miss something. Something hits you.
* * * LOW HITPOINT WARNING * * *
You take 5 damage, and have 6/29 hp.
You barely miss something. Something hits you but does no damage.
You barely miss something. Something hits you.
* * * LOW HITPOINT WARNING * * *
You take 4 damage, and have 3/29 hp.
You miss something.
You hear some strange, mumbled words.
A magic dart appears from out of thin air!
The magic dart hits you.
You die...

#.# .#.# #.#
#####.###...# #.#
........$##.# #.#
#..#.....# #.#
#.....##.# #.# #
#..)#.##.## #.# #
#...#.#...####.#
.#####{).........†..####
.....!.@.#.#...#######..
###.###..#.##...........
#........###########.#
........### #.#
###...... #.# #...#..#
#.# ##.##..# #.# #. #..#
#.# #. #..# #..


There were no monsters in sight!

Vanquished Creatures
  2 worms (D:2)
  A ball python (D:2)
  2 endoplasms (D:1)
  A giant cockroach (D:1)
  4 goblins
  2 hobgoblins
  5 kobolds
  4 quokkas
  2 bats (D:1)
  A frilled lizard (D:2)
  A rat (D:1)
25 creatures vanquished.

Notes
Turn   | Place    | Note
-------+----------+-------------------------------------------
     0 | D:1      | Dirtsage the Demonspawn Fighter began the quest for the
                  | Orb.
     0 | D:1      | Reached XP level 1. HP: 18/18 MP: 1/1
   259 | D:1      | Gained mutation: A meltable shield of frost defends you.
                  | (SH +0) [demonic ancestry]
   259 | D:1      | Reached XP level 2. HP: 23/24 MP: 2/2
  1048 | D:2      | Identified the +2 robe of Servitude {Dex+4 Stlth+}
  1127 | D:2      | Identified the +1 ring mail "Yficvu" {+Blink MP+9 Str+5}
  1250 | D:2      | Gained mutation: A meltable icy envelope protects you from
                  | harm. (AC +0) [demonic ancestry]
  1250 | D:2      | Reached XP level 3. HP: 24/29 MP: 3/3
  1292 | D:2      | Noticed Sigmund
  1326 | D:2      | Killed from afar by Sigmund

Illustrated notes

Levels and vault maps discovered:
D:1:      dpeg_arrival_chambers_temple_mockup, layout_basic
D:2:      layout_loops_ring, chequers_serial_rivers_small_b, uniq_terence,
          uniq_sigmund

Skill      XL: |  1  2 |
---------------+-------+-----
Axes           | 2 3 |  3.3
Fighting       | |  3.0
Armour         | |  2.6
Shields        | |  2.6

Action                     || total
---------------------------++-------
  Melee: War axe           ||   105
    Use: Potion            ||     3
 Armour: Scale mail        ||    34
         Ring mail         ||    13
  Dodge: Dodged            ||    41
  Block: Buckler           ||    47

Table legend: (Time is in decaauts)
 A = Elapsed time spent in this place.
 B = Non-inter-level travel time spent in this place.
 C = Inter-level travel time spent in this place.
 D = Time resting spent in this place.
 E = Time spent auto-exploring this place.
 F = Levels seen in this place.
 G = Mean time per level.
                   A        B        C        D        E       F      G
               +--------+--------+--------+--------+--------+-----+--------+
         Total |   1368 |   1349 |     19 |      0 |   1088 |   2 |  684.0 |
       Dungeon |   1368 |   1349 |     19 |      0 |   1088 |   2 |  684.0 |
               +--------+--------+--------+--------+--------+-----+--------+

Top non-repeatable levels by time:
     D:1: 1041 daAuts
     D:2: 326 daAuts
